 Dungeon Crawl Stone Soup version 0.27-a0-1321-gd358eaa319 (webtiles) character file.

Game seed: 16779399003503646450

339 Nattfarinn the Chucker (level 6, -5/59 HPs)
             Began as a Troll Hunter on June 22, 2021.
             Was an Initiate of Okawaru.
             Slain by Crazy Yiuf (7 damage)
             ... while paralysed by Crazy Yiuf
             ... on level 4 of the Dungeon.
             The game lasted 00:06:01 (2701 turns).

Nattfarinn the Chucker (Troll Hunter)               Turns: 2701, Time: 00:06:01

Health: -5/59      AC:  4    Str: 23    XL:     6   Next: 29%
Magic:  5/5        EV:  1    Int:  7    God:    Okawaru [......]
Gold:   134        SH:  0    Dex: 10    Spells: 5/5 levels left

rFire    . . .     SeeInvis .     - Unarmed
rCold    . . .     Faith    .   (no shield)
rNeg     . . .     Spirit   .   b - +0 robe
rPois    .         Reflect  .   (helmet restricted)
rElec    .         Harm     .   (no cloak)
rCorr    .         Rampage  .   (gloves unavailable)
Will     .....                  (boots unavailable)
Stlth    +.........             (no amulet)
HPRegen  1.19/turn              r - +4 ring of evasion
MPRegen  0.09/turn              (no ring)

@: paralysed, hasted
A: large, unfitting armour, claws 3, regeneration 1, shaggy fur 1, tough skin 1
a: Renounce Religion


You were on level 4 of the Dungeon.
You worshipped Okawaru.
Okawaru was noncommittal.
You visited 2 branches of the dungeon, and saw 5 of its levels.

You collected 194 gold pieces.
You spent 60 gold pieces at shops.

Inventory:

Hand Weapons
 a - a +0 short sword
Missiles
 c - 5 large rocks (quivered)
 d - 4 throwing nets
 i - 3 curare-tipped darts
Armour
 b - a +0 robe (worn)
Jewellery
 r - a +4 ring of evasion (left claw)
Wands
 k - a wand of paralysis (10)
 n - a wand of acid (7)
Scrolls
 e - 4 scrolls of identify {unknown}
 f - 2 scrolls of silence {unknown}
 g - a scroll of blinking {unknown}
 h - a scroll of enchant armour {unknown}
 p - a scroll of vulnerability {unknown}
 q - a scroll of amnesia {unknown}
Potions
 j - 2 potions of curing {unknown}
 l - 2 potions of heal wounds
 m - 2 potions of attraction {unknown}
 o - a potion of degeneration {unknown}
 s - a potion of ambrosia {unknown}
 t - a potion of resistance {unknown}


   Skills:
 + Level 2.7 Fighting
 * Level 5.2 Throwing
 + Level 2.8 Dodging
 - Level 0.3 Stealth
 + Level 2.6 Unarmed Combat


You had 5 spell levels left.
You didn't know any spells.
Your spell library contained the following spells:

 Spells                   Type           Power      Damage    Failure   Level
 Sting                    Tmut/Pois      0%         1d3       43%         1
 Summon Small Mammal      Summ           0%         N/A       43%         1
 Call Imp                 Summ           0%         N/A       56%         2
 Poisonous Vapours        Pois/Air       0%         N/A       56%         2
 Call Canine Familiar     Summ           0%         N/A       80%         3
 Confusing Touch          Hex            0%         N/A       80%         3
 Gell's Gravitas          Tloc           0%         N/A       80%         3
 Ignite Poison            Fire/Tmut/Pois 0%         N/A       80%         3
 Mephitic Cloud           Conj/Pois/Air  0%         N/A       80%         3
 Summon Guardian Golem    Hex/Summ       0%         N/A       80%         3
 Olgreb's Toxic Radiance  Pois           0%         N/A       99%         4
 Petrify                  Tmut/Erth      0%         N/A       99%         4
 Summon Ice Beast         Ice/Summ       0%         N/A       99%         4
 Summon Lightning Spire   Summ/Air       0%         N/A       99%         4
 Metabolic Englaciation   Hex/Ice        0%         N/A       100%        5
 Yara's Violent Unravell  Hex/Tmut       0%         3d3       100%        5


Dungeon Overview and Level Annotations

Branches:
Dungeon (4/15)             Temple (1/1) D:4

Altars:
Dithmenos
Elyvilon
Fedhas
Makhleb
Okawaru

Shops:
D:2 !=[   D:3 :

Annotations:
D:4 Crazy Yiuf


Innate Abilities, Weirdness & Mutations

You are too large for most types of armour.
You have claws for hands.
Your natural rate of healing is unusually fast.
You are covered in fur. (AC +1)
You have tough skin. (AC +1)


Message History

The goblin shouts!
Found 13 gold pieces.
You barely miss the goblin. The goblin misses you.
You closely miss the goblin. The goblin misses you.
You closely miss the goblin. The goblin closely misses you.
You scratch the goblin.
You kill the goblin!
Okawaru accepts your kill.
You see here a +0 dagger.
You now have 122 gold pieces (gained 13).
Found a stone staircase leading up.
t - a bubbling cyan potion You now have 134 gold pieces (gained 12).
Found a falchion.
Found a stone staircase leading down.
You see here a +0 falchion.
You pick up a Young Poisoner's Handbook and begin reading...
You add the spells Sting, Poisonous Vapours, Mephitic Cloud, Ignite Poison and Olgreb's Toxic Radiance to your library.
Found a mace.
Found a runed translucent door.
Crazy Yiuf shouts!
Crazy Yiuf whimpers, "Candle!
Announcement ladder wrapper."
Okay, then.
Could not explore, unopened runed door.
You open the door. You closely miss Crazy Yiuf.
Crazy Yiuf hits you with a +4 quarterstaff of chaos.
You suddenly lose the ability to move!
Crazy Yiuf hits you with a +4 quarterstaff of chaos.
Crazy Yiuf freezes you.
Crazy Yiuf hits you with a +4 quarterstaff of chaos!
You feel yourself speed up.
Crazy Yiuf hits you with a +4 quarterstaff of chaos!
You are electrocuted!
* * * LOW HITPOINT WARNING * * *
Crazy Yiuf hits you with a +4 quarterstaff of chaos!
* * * LOW HITPOINT WARNING * * *
Crazy Yiuf completely misses you.
Crazy Yiuf hits you with a +4 quarterstaff of chaos!
* * * LOW HITPOINT WARNING * * *
Crazy Yiuf hits you with a +4 quarterstaff of chaos!
You die...

###.###.#####.[.#...#
#.............#......
#.#.#.#.........#####
#############........
#.#.###.# #.#.# #.#
### ♣♣##.#.###.#
#)..#♣♣ ♣♣........#.#
#...g@♣♣♣♣......##....
#...#♣..♣......###.#..
### ♣♣♣.♣.♣..## #.#..
♣♣♣♣♣### #...# #.###
### #....
#.#######.###
#.........#
###########


You could see Crazy Yiuf.

Vanquished Creatures
  A scorpion (D:4)
  A hound (D:4)
  Ijyb (D:3)
  An iguana (D:4)
  An orc wizard (D:4)
  3 gnolls (D:3)
  7 adders
  An adder skeleton (D:4)
  2 dart slugs (D:3)
  An orc (D:3)
  6 endoplasms
  2 giant cockroaches
  15 goblins
  6 hobgoblins
  3 jackals (D:2)
  4 quokkas
  4 ball pythons
  9 bats
  A kobold (D:3)
  6 rats
75 creatures vanquished.

Notes
Turn   | Place    | Note
-------+----------+-------------------------------------------
     0 | D:1      | Nattfarinn the Troll Hunter began the quest for the Orb.
     0 | D:1      | Reached XP level 1. HP: 19/19 MP: 0/0
    56 | D:1      | Reached XP level 2. HP: 20/28 MP: 1/1
   422 | D:1      | Reached skill level 4 in Throwing
   683 | D:2      | Reached skill level 1 in Unarmed Combat
   694 | D:2      | Reached XP level 3. HP: 35/35 MP: 2/2
   889 | D:2      | Found Kioluewk's Distillery.
   909 | D:2      | Found Gotati's Jewellery Shop.
   916 | D:2      | Bought a potion of heal wounds for 60 gold pieces
   954 | D:2      | Found Poekurox's Armour Emporium.
  1609 | D:3      | Found a burning altar of Makhleb.
  1661 | D:3      | Found a faded altar of an unknown god.
  1709 | D:3      | Found Reysecav's Book Boutique.
  1723 | D:3      | Reached XP level 4. HP: 39/42 MP: 3/3
  1743 | D:3      | Noticed Ijyb
  1777 | D:3      | Killed Ijyb
  1998 | D:3      | Reached XP level 5. HP: 49/49 MP: 4/4
  2270 | D:4      | Found a staircase to the Ecumenical Temple.
  2279 | Temple   | Entered the Ecumenical Temple
  2285 | Temple   | Became a worshipper of Warmaster Okawaru
  2410 | D:4      | Reached skill level 5 in Throwing
  2410 | D:4      | Reached XP level 6. HP: 55/59 MP: 5/5
  2689 | D:4      | Found a runed translucent door.
  2690 | D:4      | Noticed Crazy Yiuf
  2694 | D:4      | Paralysed by Crazy Yiuf for 7 turns
  2700 | D:4      | HP: 1/59 [Crazy Yiuf (11)]
  2701 | D:4      | Slain by Crazy Yiuf

Illustrated notes

Levels and vault maps discovered:
D:1:      beargit_arrival_diablo_church, layout_basic
D:2:      layout_basic, serial_shops, nicolae_shop_window_shopping,
          nicolae_shop_trees, nicolae_shop_statue_plus, st_stairs_6
D:3:      kennysheep_the_goblin_king, layout_basic, bloody_makhleb,
          serial_shops, nicolae_shop_statue_plus,
          hellmonk_ecumenical_altar_arch_garden, kennysheep_generic_room_12
D:4:      kennysheep_spiral_hall, layout_loops_cross,
          minmay_temple_entry_mini_moons, nrook_campfire,
          minmay_hollow_rounded_squares, uniq_crazy_yiuf_cottage
Temple:   eino_temple_rhombus

Skill      XL: |  1  2  3  4  5 |
---------------+----------------+-----
Throwing       | 4 5 |  5.2
Unarmed Combat | 1 2 |  2.6
Dodging        | 2 |  2.8
Fighting       | 2 |  2.7
Stealth        | |  0.3

Action                   |  1- 3 |  4- 6 || total
-------------------------+-------+-------++-------
Melee: Unarmed           |   119 |   160 ||   279
       Punch             |       |     1 ||     1
Throw: Large rock        |       |     7 ||     7
Evoke: Wand              |       |     1 ||     1
 Stab: Sleeping          |     2 |       ||     2
       Paralysed         |       |     7 ||     7
Armor: Robe              |    56 |    70 ||   126
Dodge: Dodged            |    72 |   100 ||   172

Table legend: (Time is in decaauts)
 A = Elapsed time spent in this place.
 B = Non-inter-level travel time spent in this place.
 C = Inter-level travel time spent in this place.
 D = Time resting spent in this place.
 E = Time spent auto-exploring this place.
 F = Levels seen in this place.
 G = Mean time per level.
                   A        B        C        D        E       F      G
               +--------+--------+--------+--------+--------+-----+--------+
         Total |   2696 |   2595 |    101 |      0 |   2025 |   5 |  539.2 |
       Dungeon |   2684 |   2593 |     91 |      0 |   2025 |   4 |  671.0 |
        Temple |     12 |      2 |     10 |      0 |      0 |   1 |   12.0 |
               +--------+--------+--------+--------+--------+-----+--------+

Top non-repeatable levels by time:
     D:2: 933 daAuts
     D:1: 672 daAuts
     D:3: 564 daAuts
     D:4: 513 daAuts
  Temple: 12 daAuts
